 Dungeon Crawl Stone Soup version 0.26.0-9-gab577f9fc5 (webtiles) character file.

Game seed: 3064454057313483561

41 Froggeryz the Ducker (level 3, -3/21 HPs)
             Began as a Kobold Transmuter on Jan 13, 2021.
             Shot with a stone by a goblin (5 damage)
             ... on level 2 of the Dungeon.
             The game lasted 00:02:09 (2025 turns).

Froggeryz the Ducker (Kobold Transmuter)            Turns: 2025, Time: 00:02:10

Health: -3/21      AC:  4    Str:  8    XL:     3   Next: 75%
Magic:  6/6        EV: 16    Int: 14    God:
Gold:   30         SH:  0    Dex: 15    Spells: 5/6 levels left

rFire    . . .     SeeInvis .   d - +0 whip
rCold    . . .     Faith    .   (shield restricted)
rNeg     . . .     Spirit   .   a - +0 robe
rPois    .         Reflect  .   c - +2 hat
rElec    .         Harm     .   (no cloak)
rCorr    .         Rampage  .   (no gloves)
Will     .....                  (no boots)
Stlth    ++........             (no amulet)
HPRegen  0.07/turn              (no ring)
MPRegen  0.10/turn              (no ring)

@: no status effects
A: small, nightstalker 3
a: no special abilities


You were on level 2 of the Dungeon.
You visited 1 branch of the dungeon, and saw 2 of its levels.

You collected 30 gold pieces.

Inventory:

Hand Weapons
 d - a +0 whip (weapon)
Armour
 a - a +0 robe (worn)
 c - a +2 hat (worn)
Scrolls
 b - a scroll of remove curse {unknown}
 e - 4 scrolls of identify {unknown}
 f - a scroll of noise {unknown}


   Skills:
 - Level 2.0 Fighting
 * Level 1.7 Maces & Flails
 - Level 3.1 Dodging
 - Level 3.0 Unarmed Combat
 - Level 2.1 Spellcasting
 - Level 2.0 Transmutations


You had 5 spell levels left.
You knew the following spells:

 Your Spells              Type           Power        Failure   Level
a - Beastly Appendage     Tmut           14%          11%         1

Your spell library contained the following spells:

 Spells                   Type           Power        Failure   Level
 Wereblood                Tmut           7%           16%         2
 Spider Form              Tmut/Pois      2%           43%         3
 Ice Form                 Ice/Tmut       4%           83%         4
 Blade Hands              Tmut           3%           96%         5


Dungeon Overview and Level Annotations

Branches:
Dungeon (2/15)

Altars:


Innate Abilities, Weirdness & Mutations

You are small and have problems with some larger weapons.
You are completely attuned to the shadows.


Message History

The kobold is severely wounded.
The bat barely misses you.
The goblin shoots a stone.
The stone hits you but does no damage. The kobold closely misses you.
You barely miss the kobold.
The kobold is severely wounded.
The bat closely misses you. The kobold hits you with a +0 whip.
The goblin shoots a stone.
The stone hits you but does no damage.
You hit the kobold but do no damage.
The kobold is severely wounded.
The bat closely misses you. The bat misses you. The kobold misses you.
The goblin shoots a stone.
The stone hits you.
* * * LOW HITPOINT WARNING * * *
You are too injured to fight recklessly!
You are too injured to fight recklessly!
You barely miss the kobold.
The kobold is severely wounded.
The bat misses you. The kobold hits you with a +0 whip.
* * * LOW HITPOINT WARNING * * *
The bat misses you.
The goblin shoots a stone.
The stone hits you.
You die...

#...................
#...................
...#####.............
... .............#..
...........†...#.
.#######....(....
##.g.(.....
###..(##..#..
.....K@..$>..
....b(..(....
.......##....
.............
.....#####..[
.....†..# ##...##.#
...####.####.. ###
#..<....


You could see a goblin, a bat and a kobold.

Vanquished Creatures
  An adder (D:2)
  A worm (D:2)
  2 leopard geckos
  4 bats
  A giant cockroach (D:1)
  3 goblins (D:1)
  A hobgoblin (D:1)
  6 jackals (D:1)
  2 frilled lizards (D:1)
  2 kobolds (D:1)
  2 rats (D:2)
25 creatures vanquished.

Notes
Turn   | Place    | Note
-------+----------+-------------------------------------------
     0 | D:1      | Froggeryz the Kobold Transmuter began the quest for the
                  | Orb.
     0 | D:1      | Reached XP level 1. HP: 12/12 MP: 3/3
     0 | D:1      | Noticed an octopode
     4 | D:1      | Noticed a ghoul
     6 | D:1      | Noticed a naga
    14 | D:1      | Noticed a felid
    16 | D:1      | Noticed a dwarf
    16 | D:1      | Noticed a minotaur skeleton
    18 | D:1      | Noticed an octopode
    23 | D:1      | Noticed an octopode
    38 | D:1      | You fall into a shaft and drop 1 floor!
   373 | D:1      | Reached XP level 2. HP: 16/16 MP: 5/5
  1060 | D:1      | Reached skill level 1 in Maces & Flails
  1480 | D:1      | Reached XP level 3. HP: 20/21 MP: 6/6
  2025 | D:2      | Shot with a stone by a goblin

Illustrated notes

Levels and vault maps discovered:
D:1:      shiori_arrival_whats_in_store_for_you, layout_loops_ring
D:2:      layout_rooms

Skill      XL: |  1  2  3 |
---------------+----------+-----
Dodging        | 3 |  3.1
Maces & Flails | 1 |  1.7
Fighting       | 2 |  2.0
Unarmed Combat | |  3.0
Spellcasting   | |  2.1
Transmutations | |  2.0

Action                   || total
-------------------------++-------
Melee: Unarmed           ||    26
       Whip              ||   129
       Headbutt          ||     2
       Punch             ||     1
 Cast: Beastly Appendage ||     1
  Use: Potion            ||     1
 Stab: Sleeping          ||     7
Armor: Robe              ||    54
Dodge: Dodged            ||   211
